 Dungeon Crawl Stone Soup version 0.13.0-25-g43d4df3 (webtiles) character file.

384 Leibowitz the Skirmisher (level 6, -2/39 HPs)
             Began as a Kobold Fighter on Oct 28, 2013.
             Slain by a phantom (4 damage)
             ... on Level 4 of the Dungeon.
             The game lasted 00:12:48 (3956 turns).

Leibowitz the Skirmisher (Kobold Fighter)           Turns: 3956, Time: 00:12:48

HP  -2/39        AC  9     Str 16      XL: 6   Next: 36%
MP   5/5         EV 10     Int  6      God:
Gold 132         SH 13     Dex 16      Spells:  0 memorised,  5 levels left

Res.Fire  : . . .   See Invis. : .   a - +0,+1 sabre
Res.Cold  : . . .   Warding    : .   k - +2 elf scale mail {rPois}
Life Prot.: . . .   Conserve   : .   c - +1 buckler
Res.Poison: +       Res.Corr.  : +   (no helmet)
Res.Elec. : .       Clarity    : .   E - +0 cloak
Sust.Abil.: + .     Spirit.Shd : .   (no gloves)
Res.Mut.  : .       Stasis     : .   (no boots)
Res.Rott. : .       Flight     : .   i - amulet of resist corrosion
Saprovore : + + .                    (no ring)
                                     g - ring of sustain abilities

@: slightly resistant to hostile enchantments, very unstealthy
A: disease resistance, carnivore 3, saprovore 2
a: no special abilities


You were on level 4 of the Dungeon.
You were very full.

You visited 1 branch of the dungeon, and saw 4 of its levels.

You collected 145 gold pieces.
You spent 33 gold pieces at shops.

Inventory:

Hand weapons
 a - a +0,+1 sabre (weapon)
 b - a +4 blowgun
 n - a +1,+0 dagger of holy wrath (quivered)
 D - a +0,+0 short sword
Missiles
 h - 27 poisoned needles
Armour
 c - a +1 buckler (worn)
 k - a +2 elven scale mail of poison resistance (worn)
 E - a +0 cloak (worn)
Comestibles
 d - 2 meat rations
 F - 2 rotting chunks of orc flesh
 G - 2 rotting chunks of quokka flesh
 H - a rotting chunk of giant cockroach flesh
 I - 2 rotting chunks of hound flesh
Scrolls
 e - 2 scrolls of enchant weapon II
 l - 2 scrolls of identify
 z - 4 scrolls of teleportation {unknown}
Jewellery
 f - an uncursed ring of teleportation
 g - a ring of sustain abilities (left hand)
 i - an amulet of resist corrosion (around neck)
 p - an uncursed amulet of the gourmand
Potions
 q - 2 potions of heal wounds
 r - a potion of beneficial mutation {unknown}
 t - 2 potions of restore abilities {unknown}
 w - a potion of berserk rage {unknown}
 x - 2 potions of curing {unknown}
 B - a potion of paralysis {unknown}


   Skills:
 * Level 4.2 Fighting
 + Level 3.5 Short Blades
 + Level 2.9 Armour
 * Level 3.0 Dodging
 * Level 2.8 Stealth
 * Level 3.4 Shields


You had 5 spell levels left.
You didn't know any spells.

Dungeon Overview and Level Annotations

Branches:
Dungeon (4/27)
 Temple: D:4-7

Altars:
Vehumet
Jiyva

Shops:
D:4 +!


Innate Abilities, Weirdness & Mutations

You recuperate from illness quickly.
You are small and have problems with some larger weapons.
You are carnivorous and can eat meat at any time.
You can eat rotten meat.


Message History

The phantom is almost destroyed.
The phantom hits you!
You hit the phantom.
The phantom is almost destroyed.
The phantom hits you.
* * * LOW HITPOINT WARNING * * *
You barely miss the phantom.
The phantom is almost destroyed.
The phantom barely misses you.
You completely miss the phantom.
The phantom is almost destroyed.
You block the phantom's attack.
You miss the phantom.
The phantom is almost destroyed.
The phantom hits you!
* * * LOW HITPOINT WARNING * * *
You miss the phantom.
The phantom is almost destroyed.
The phantom hits you.
You die...

.# .... .#
#......... .#
#.......... .#
#.........[. .#
####...........#
.#
...............##
.#
..................
.#
#..)p)..........
.# #...@).........
.# #...........##
.# . #......)....#
.# #..#
#......)....# .#
#..# #..........[#
.# #..#
#..#######..# .#
#..# #..# #..#
.#####..# #..#
#..# ........#
#..# #..#


You could see a phantom.

Vanquished Creatures
  A hound (D:4)
  An orc wizard (D:4)
  5 adders
  A giant mite (D:3)
  3 worms
  2 giant geckos
  8 oozes
  7 orcs
  2 ball pythons
  13 bats
  8 giant cockroaches
  13 goblins
  8 hobgoblins
  12 jackals
  2 quokkas
  3 giant newts
  7 kobolds
  9 rats
105 creatures vanquished.

Notes
Turn   | Place    | Note
--------------------------------------------------------------
     0 | D:1      | Leibowitz, the Kobold Fighter, began the quest for the Orb.
     0 | D:1      | Reached XP level 1. HP: 14/14 MP: 0/0
   169 | D:1      | Reached XP level 2. HP: 14/19 MP: 1/1
   365 | D:1      | Reached XP level 3. HP: 24/24 MP: 2/2
   961 | D:2      | Found a radiant altar of Vehumet.
   998 | D:2      | Reached skill level 1 in Dodging
  1130 | D:2      | Reached skill level 1 in Stealth
  1269 | D:2      | Reached XP level 4. HP: 26/28 MP: 3/3
  2341 | D:3      | Reached XP level 5. HP: 27/33 MP: 4/4
  2354 | D:3      | Reached skill level 4 in Fighting
  3460 | D:4      | Found a viscous altar of Jiyva.
  3619 | D:4      | Found Eries' Book Boutique.
  3625 | D:4      | Found Klosos Equne's Distillery.
  3634 | D:4      | Bought a potion of heal wounds for 33 gold pieces
  3681 | D:4      | Reached XP level 6. HP: 26/39 MP: 5/5
  3889 | D:4      | Noticed a phantom
  3956 | D:4      | Slain by a phantom

Action                   |  1- 3 |  4- 6 || total
-------------------------+-------+-------++-------
Melee: Short sword       |   146 |   248 ||   394
       Dagger            |    11 |       ||    11
       Sabre             |       |   156 ||   156
  Use: Scroll            |       |    11 ||    11
       Potion            |       |     4 ||     4
